 Dungeon Sprint DCSS version 0.16-b1 (webtiles) character file.

3000000 Medar the Axe Maniac (level 16, -14/183 HPs)
             Began as a Minotaur Gladiator on Mar 8, 2015.
             Was an Elder of Makhleb.
             Demolished by a destroyer
             ... wielding a +9 great sword of slicing
              (196 damage)
             ... in the Dungeon (Sprint VIII: "Arena of Blood").
             The game lasted 00:01:58 (30 turns).

Medar the Axe Maniac (Minotaur Gladiator)             Turns: 30, Time: 00:01:58

Health: -14/183    AC:  6    Str: 25    XL:     16   Next: 42%
Magic:  6/6        EV: 28    Int:  5    God:    Makhleb [****..]
Gold:   0          SH:  0    Dex: 13    Spells: 0 memorised, 15 levels left

rFire  . . .     SeeInvis .     l - +∞ Axe of Woe
rCold  . . .     Clarity  .     b - +0 leather armour
rNeg   . . .     SustAb   .     (no shield)
rPois  .         Gourm    .     c - +0 hat
rElec  .         Spirit   .     (no cloak)
rCorr  .         Warding  .     (no gloves)
rMut   .         NoTele   +     (no boots)
MR     +....                    (no amulet)
Stlth  +.........               n - +30 ring of slaying
                                m - +30 ring of slaying

@: somewhat resistant to hostile enchantments, very unstealthy
A: retaliatory headbutt, horns 2
a: Minor Destruction, Lesser Servant of Makhleb, Major Destruction, Renounce
Religion


You were in the Dungeon.
You worshipped Makhleb.
Makhleb was greatly pleased with you.
You were not hungry.

You visited 1 branch

Inventory:

Hand weapons
 a - a +0 war axe
 l - the +∞ Axe of Woe (weapon)
   (You found it in the Dungeon)
Missiles
 d - 3 throwing nets {=f =F}
Armour
 b - a +0 leather armour (worn)
 c - a +0 hat (worn)
Jewellery
 m - a +30 ring of slaying (left hand)
 n - a +30 ring of slaying (right hand)
Scrolls
 k - a scroll of blinking
Potions
 e - a potion of curing {@q1}
 g - a potion of heal wounds
 h - a potion of haste
 i - 2 potions of magic
 j - a potion of berserk rage {!q}
Comestibles
 f - a bread ration


   Skills:
 O Level 27 Fighting
 O Level 27 Axes
 - Level 2.0 Throwing
 O Level 27 Armour
 + Level 26.7 Dodging


You had 15 spell levels left.
You didn't know any spells.

Dungeon Overview and Level Annotations

Branches:
Dungeon (1/1)

Altars:
Makhleb


Innate Abilities, Weirdness & Mutations

You reflexively headbutt those who attack you in melee.
You have a pair of horns on your head.


Message History

You feel agile.
You hear a shout! x7
You hear a shout! x5
The destroyer blinks!
You hear a shout! x4
An ogre and a hill giant come into view.
You chop the destroyer into pieces!!!!
You slaughter the destroyer joyfully.
You destroy the destroyer!
Makhleb accepts your kill.
You feel a little better.
You have mastered Fighting!
You have mastered Armour!
Your Dodging skill gained 2 levels and is now at level 26!
You hear a shout! x10 2 orcs come into view. 2 orcs and a vampire knight come into view.
The bag of meat shouts!
The destroyer shouts!
The bag of meat shouts!
You hear a shout! x8
The destroyer hits you with a +9 great sword of slicing!!!!!
Ouch! That really hurt!
You die...

... o.........
...........
...........
.......... #.......#
#..o....# ..
....###..V....###...
....O...@###....o....
.#........_O)C..Co...
......#)).))#.......
......#_)<._# .....
..... #....o# ....
........_..... ...
......###.......
.###... ...###o. #...
...#


You could see a destroyer, 2 large bags of meat, 2 meat berserkers and 3 bags of
meat.

Vanquished Creatures
  4 ogres (D)
  7 orcs (D)
  A vampire knight (D)
12 creatures vanquished.

Notes
Turn   | Place    | Note
--------------------------------------------------------------
     0 | D        | Medar, the Minotaur Gladiator, began the quest for the Orb.
     0 | D        | Reached XP level 1. HP: 18/18 MP: 1/1
     4 | D        | Became a worshipper of Makhleb the Destroyer
     5 | D        | Noticed a bag of meat
     5 | D        | Noticed a bag of meat
     7 | D        | Noticed a meat berserker
     8 | D        | Killed a bag of meat
     8 | D        | Reached skill level 27 in Axes
     8 | D        | Reached XP level 2. HP: 22/37 MP: 1/1
     8 | D        | Reached XP level 3. HP: 24/42 MP: 2/2
     8 | D        | Reached XP level 4. HP: 28/50 MP: 2/2
     8 | D        | Reached XP level 5. HP: 31/57 MP: 2/2
     8 | D        | Reached XP level 6. HP: 34/63 MP: 3/3
     8 | D        | Reached XP level 7. HP: 37/70 MP: 3/3
     8 | D        | Reached XP level 8. HP: 41/78 MP: 3/3
     8 | D        | Reached XP level 9. HP: 43/83 MP: 4/4
     8 | D        | Reached XP level 10. HP: 47/91 MP: 4/4
     8 | D        | Reached XP level 11. HP: 50/97 MP: 4/4
     9 | D        | Killed a bag of meat
     9 | D        | Acquired Makhleb's first power
     9 | D        | Reached XP level 12. HP: 53/118 MP: 5/5
    10 | D        | Noticed a bag of meat
    11 | D        | Noticed a meat berserker
    13 | D        | Noticed a meat berserker
    13 | D        | Killed a bag of meat
    13 | D        | Reached XP level 13. HP: 57/132 MP: 5/5
    14 | D        | Killed a meat berserker
    14 | D        | Acquired Makhleb's second power
    15 | D        | Noticed a meat berserker
    17 | D        | Noticed a bag of meat
    17 | D        | Killed a meat berserker
    17 | D        | Reached XP level 14. HP: 140/149 MP: 5/5
    18 | D        | Killed a meat berserker
    18 | D        | Acquired Makhleb's third power
    19 | D        | Noticed a bag of meat
    20 | D        | Noticed a bag of meat
    21 | D        | Noticed a bag of meat
    21 | D        | Killed a meat berserker
    21 | D        | Reached XP level 15. HP: 157/163 MP: 6/6
    23 | D        | Noticed a bag of meat
    24 | D        | Noticed a destroyer
    24 | D        | Noticed a large bag of meat
    25 | D        | Killed a bag of meat
    25 | D        | Acquired Makhleb's fourth power
    25 | D        | Killed a bag of meat
    26 | D        | Noticed a meat berserker
    26 | D        | Killed a bag of meat
    27 | D        | Killed a bag of meat
    27 | D        | Reached XP level 16. HP: 179/182 MP: 6/6
    29 | D        | Noticed a meat berserker
    29 | D        | Noticed a large bag of meat
    29 | D        | Killed a destroyer
    29 | D        | Reached skill level 27 in Fighting
    29 | D        | Reached skill level 27 in Armour
    30 | D        | Noticed a bag of meat
    30 | D        | Noticed a bag of meat
    30 | D        | Noticed a bag of meat
    30 | D        | Noticed a destroyer
    30 | D        | Noticed a bag of meat
    30 | D        | Demolished by a destroyer

Action                   |  1- 3 |  4- 6 |  7- 9 | 10-12 | 13-15 | 16-18 || total
-------------------------+-------+-------+-------+-------+-------+-------++-------
Melee: Executioner's axe |     1 |       |       |     2 |     7 |     1 ||    11
